 Dungeon Crawl Stone Soup version 0.28.0-43-g3370ac3207 (webtiles) character file.

Game seed: 11891326160478941912

64 issech the Cudgeller (level 3, -1/36 HPs)
             Began as a Troll Monk on Mar 23, 2022.
             Slain by a black bear (3 damage)
             ... on level 3 of the Dungeon.
             The game lasted 00:05:32 (1612 turns).

issech the Cudgeller (Troll Monk)                   Turns: 1612, Time: 00:05:32

Health: -1/36      AC:  4    Str: 19    XL:     3   Next: 91%
Magic:  2/2        EV: 10    Int:  6    God:
Gold:   79         SH:  0    Dex: 14    Spells: 2/2 levels left

rFire   . . .      SeeInvis .   m - +0 flail
rCold   . . .      Faith    .   (no shield)
rNeg    . . .      Spirit   .   b - +0 robe
rPois   .          Reflect  .   (helmet restricted)
rElec   .          Harm     .   (no cloak)
rCorr   .          Rampage  .   (gloves unavailable)
Will    .....                   (boots unavailable)
Stlth   ++........              (no amulet)
HPRegen 0.92/turn               (no ring)
MPRegen 0.08/turn               (no ring)

@: no status effects
A: large, unfitting armour, claws 3, regeneration 1, shaggy fur 1, tough skin 1
a: no special abilities


You were on level 3 of the Dungeon.
You visited 1 branch of the dungeon, and saw 4 of its levels.

You collected 79 gold pieces.

Inventory:

Hand Weapons
 a - a +0 mace
 m - a +0 flail (weapon)
Missiles
 c - 4 poisoned darts (quivered)
 e - 90 stones
 i - 33 arrows
 k - 28 bolts
 l - 26 sling bullets
Armour
 b - a +0 robe (worn)
Scrolls
 h - a scroll of amnesia {unknown}
Potions
 d - 2 potions of might {unknown}
 f - a potion of curing {unknown}
 g - a potion of attraction {unknown}
 j - a potion of brilliance {unknown}


   Skills:
 + Level 2.9 Fighting
 + Level 3.4 Maces & Flails
 + Level 2.9 Dodging
 + Level 1.2 Stealth


You had 2 spell levels left.
You didn't know any spells.
Your spell library contained the following spells:

 Spells                   Type           Power      Damage    Failure   Level
 Animate Skeleton         Necr           0%         N/A       45%         1
 Pain                     Necr           0%         1d4       45%         1
 Ozocubu's Armour         Ice            0%         N/A       83%         3
 Vampiric Draining        Necr           0%         2d6       83%         3
 Metabolic Englaciation   Hex/Ice        0%         N/A       100%        5
 Simulacrum               Ice/Necr       0%         N/A       100%        6


Dungeon Overview and Level Annotations

Branches:
Dungeon (4/15)
 Temple: D:4-7

Altars:


Innate Abilities, Weirdness & Mutations

You are too large for most types of armour.
You have claws for hands.
Your natural rate of healing is unusually fast.
You are covered in fur. (AC +1)
You have tough skin. (AC +1)


Message History

The black bear bites you.
The black bear claws you but does no damage.
The black bear closely misses you.
You hit the black bear.
The black bear is moderately wounded.
The black bear bites you.
The black bear claws you but does no damage.
The black bear claws you.
You hit the black bear.
The black bear is heavily wounded.
The black bear bites you! The black bear closely misses you.
The black bear claws you.
You barely miss the black bear.
The black bear is heavily wounded.
The black bear bites you. The black bear claws you.
The black bear barely misses you.
You hit the black bear.
The black bear is heavily wounded.
The black bear bites you but does no damage.
The black bear claws you but does no damage. x2
There is an open door here.
The black bear bites you. The black bear claws you. x2
The black bear barely misses you.
The black bear claws you but does no damage. x2
You hit the black bear but do no damage.
The black bear is heavily wounded.
The black bear bites you! The black bear closely misses you.
The black bear claws you. The black bear bites you. The black bear claws you.
The black bear claws you but does no damage.
You sock the black bear!
The black bear is almost dead.
The black bear goes berserk!
The black bear closely misses you. The black bear claws you. x2
* * * LOW HITPOINT WARNING * * *
You hit the black bear but do no damage.
The black bear is almost dead.
The black bear bites you!
* * * LOW HITPOINT WARNING * * *
The black bear claws you.
You die...

#.#..............#########
#>.......................#
#.#######...........####)## #.#
#.###.......# #..# #.# #.#
#.......# ##.## ######.##### #.#
#.......# #..# #..........#
#.###.......# ##.#
#..........###.#.........######..
#..........'...h@................
#.....)....#####....############.
#..........# #....# ####.
#..........# #....# #....
#..........# ###'##########.###
#..........# #...........##.# #
############ #...........##.# #
#...........)..###
#...........##....


You could see a black bear (berserk).

Vanquished Creatures
  An adder (D:2)
  A worm (D:2)
  An orc (D:3)
  6 ball pythons
  8 endoplasms
  5 goblins
  3 hobgoblins
  2 jackals (D:1)
  3 kobolds
  4 quokkas
  5 bats
  6 frilled lizards
  3 rats
48 creatures vanquished.

Notes
Turn   | Place    | Note
-------+----------+-------------------------------------------
     0 | D:1      | issech the Troll Monk began the quest for the Orb.
     0 | D:1      | Reached XP level 1. HP: 22/22 MP: 0/0
   173 | D:1      | Reached XP level 2. HP: 29/29 MP: 1/1
   502 | D:1      | Reached skill level 3 in Maces & Flails
   787 | D:2      | Reached XP level 3. HP: 36/36 MP: 2/2
   944 | D:2      | Found a faded altar of an unknown god.
  1376 | D:3      | You fall into a shaft and drop 1 floor!
  1416 | D:4      | Noticed a black bear
  1418 | D:4      | Noticed an ogre
  1612 | D:3      | Slain by a black bear

Illustrated notes

Levels and vault maps discovered:
D:1:      kennysheep_arrival_forest, layout_basic, hangedman_decor_peaks_small,
          chequers_arboretum
D:2:      layout_basic, chequers_ecumenical_altar_twisty
D:3:      layout_basic, minmay_goblin_outpost, uniq_grinder
D:4:      minmay_chambers_of_twos, layout_basic, minmay_misc_feat_tiny

Skill      XL: |  1  2 |
---------------+-------+-----
Maces & Flails | 3 |  3.4
Fighting       | |  2.9
Dodging        | |  2.9
Stealth        | |  1.2

Action                   || total
-------------------------++-------
Melee: Mace              ||   138
       Flail             ||    10
 Stab: Sleeping          ||     3
Armor: Robe              ||    81
Dodge: Dodged            ||   113
